 Seeded DCSS version 0.24.0 (webtiles) character file.

Game seed: 93891015573, levelgen mode: deterministic

65 Kranky the Chucker (level 4, 0/30 HPs)
             Began as a Human Hunter on Dec 16, 2019.
             Was a Follower of Hepliaklqana.
             Slain by Robin
             ... wielding a +0 club
              (3 damage)
             ... on level 2 of the Dungeon on Feb 4, 2020.
             The game lasted 00:05:21 (1130 turns).

Kranky the Chucker (Human Hunter)                   Turns: 1130, Time: 00:05:22

Health: 0/30       AC:  4    Str: 14    XL:     4   Next: 34%
Magic:  4/4        EV: 12    Int: 11    God:    Hepliaklqana [*.....]
Gold:   77         SH:  0    Dex: 13    Spells: 3/3 levels left

rFire    . . .     SeeInvis .   o - +0 hunting sling
rCold    . . .     Gourm    .   (no shield)
rNeg     . . .     Faith    .   b - +0 leather armour
rPois    .         Spirit   .   j - +0 helmet
rElec    .         Reflect  .   (no cloak)
rCorr    .         Harm     .   (no gloves)
MR       .....                  (no boots)
Stlth    +.........             (no amulet)
HPRegen  0.10/turn              (no ring)
MPRegen  0.09/turn              (no ring)

@: no status effects
A: reduced essence
a: Recall Ancestor, Ancestor Identity, Renounce Religion


You were on level 2 of the Dungeon.
You worshipped Hepliaklqana.
Hepliaklqana was aware of your devotion.
You were hungry.

You visited 1 branch of the dungeon, and saw 2 of its levels.

You collected 77 gold pieces.

Inventory:

Hand Weapons
 a - a +0 short sword
 o - a +0 hunting sling (weapon)
Missiles
 c - 6 javelins
 d - 2 throwing nets
 l - 29 sling bullets (quivered)
Armour
 b - a +0 leather armour (worn)
 j - a +0 helmet (worn)
Scrolls
 g - a scroll of enchant weapon {unknown}
 h - 2 scrolls of remove curse {unknown}
 i - a scroll of magic mapping {unknown}
 k - a scroll of random uselessness {unknown}
 n - a scroll of fear {unknown}
 p - 2 scrolls of identify {unknown}
Potions
 e - 2 potions of flight {unknown}
 m - a potion of haste {unknown}
Comestibles
 f - a ration


   Skills:
 + Level 2.3 Fighting
 + Level 1.1(3.4) Slings
 + Level 5.2 Throwing
 - Level 2.0 Dodging
 - Level 1.0 Stealth


You had 3 spell levels left.
You didn't know any spells.
Your spell library was empty.

Dungeon Overview and Level Annotations

Branches:
Dungeon (2/15)

Altars:
Hepliaklqana

Annotations:
D:2 Robin


Message History

You closely miss Robin. The hobgoblin barely misses you.
The goblin closely misses Paullus.
Robin barely misses you.
Paullus hits the hobgoblin but does no damage.
The goblin hits Paullus.
The hobgoblin hits you but does no damage.
You clumsily bash Robin but do no damage.
Paullus hits the hobgoblin.
The hobgoblin dies!
Robin hits you with a +0 club.
* * * LOW HITPOINT WARNING * * *
The goblin hits Paullus.
Paullus closely misses the goblin.
You barely miss Robin.
The goblin closely misses Paullus.
Robin hits you with a +0 club.
* * * LOW HITPOINT WARNING * * *
Paullus closely misses the goblin.
The goblin hits Paullus.
Robin barely misses you.
You closely miss Robin.
Paullus hits the goblin.
The goblin dies!
Robin hits you with a +0 club.
You die...

#. #.# #. #.# #.
##.##
####.##...####### #
#.....)).).<....#.#
#.#####.).#####..#
##R### #.#.# #.).#
#.#.# #####@#.##
#.# # ...>...g...#
#.#.# .#......#..#
#.#.# #.######..#
#.#.### # ##.#
#.#... #.# #.#.#
#.###...####### #
#...#..........
#.#.#)....# ...


You could see the friendly Paullus the ancestor and Robin.

Vanquished Creatures
  2 gnolls (D:2)
  A worm (D:2)
  2 dart slugs (D:1)
  4 giant cockroaches
  5 goblins
  3 hobgoblins
  3 bats (D:1)
  3 frilled lizards (D:1)
  2 kobolds (D:1)
  A rat (D:1)
26 creatures vanquished.

Vanquished Creatures (collateral kills)
  5 goblins (D:2)
  3 hobgoblins (D:2)
8 creatures vanquished.

Vanquished Creatures (others)
  An ancestor (D:2)
1 creature vanquished.

Grand Total: 35 creatures vanquished

Notes
Turn   | Place    | Note
-------+----------+-------------------------------------------
     0 | D:1      | Kranky the Human Hunter began the quest for the Orb.
     0 | D:1      | Reached XP level 1. HP: 16/16 MP: 1/1
    65 | D:1      | Reached XP level 2. HP: 19/22 MP: 2/2
   878 | D:1      | Reached XP level 3. HP: 27/27 MP: 3/3
   924 | D:2      | Found a faded altar of an unknown god.
   940 | D:2      | Became a worshipper of Hepliaklqana the Forgotten
   940 | D:2      | Reached * piety under Hepliaklqana
   977 | D:2      | Reached skill level 5 in Throwing
  1004 | D:2      | Reached XP level 4. HP: 22/29 MP: 4/4
  1011 | D:2      | Reached skill level 1 in Slings
  1112 | D:2      | Upgraded the game from 0.24.0-1-gfbc8707 to 0.24.0
  1117 | D:2      | Noticed Robin
  1130 | D:2      | Slain by Robin

Levels and vault maps discovered:
D:1:      minmay_arrival_four_houses, layout_loops_ring,
          hangedman_feature_mirror
D:2:      layout_loops_ring, chequers_ecumenical_altar_simple, uniq_robin
